[Event "Team 45 45 League T44"]
[Site "Internet Chess Club"]
[Date "2010.02.05"]
[Round "1"]
[White "MateIn42"]
[Black "carambola"]
[Result "0-1"]
[WhiteElo "1364"]
[BlackElo "1317"]
[Opening "Robatsch defense: two knights, Suttles variation"]
[ECO "B12"]
[Time "21:00:42"]
[TimeControl "2700+45"]

1. e4 c6 2. d4 g6 3. Nf3 Bg7 4. Nc3 d6 5. Bf4 Qb6 6. Bc4 Bg4 7. Na4 Qb4+ 8. c3
Qxc4 9. b3 Qa6 10. h3 Bxf3 11. Qxf3 Nd7 12. O-O-O b5 13. Qd3 Ngf6 14. Rhe1 Nb6
15. Nxb6 axb6 16. Re2 Qa3+ 17. Kb1 O-O 18. Bc1 Qa5 19. g4 c5 20. Rb2 Nd7 21. f4
Rfc8 22. dxc5 Nxc5 23. Qe2 Bxc3 24. Rc2 Nxb3 25. Rd3 Rc4 26. Rdxc3 Rxc3 27. Rxc3
Qxc3 28. Bb2 Nd2+ 29. Ka1 Rxa2+ 30. Kxa2 Qb3+ 31. Ka1 Qa4+ {White resigns} 0-1

[Event "Team 45 45 League T44"]
[Site "Internet Chess Club"]
[Date "2010.02.06"]
[Round "1"]
[White "MarkNY"]
[Black "Theodulf"]
[Result "1/2-1/2"]
[WhiteElo "1526"]
[BlackElo "1604"]
[Opening "QGA: 3.e4"]
[ECO "D20"]
[Time "07:06:41"]
[TimeControl "2700+45"]

1. d4 d5 2. c4 dxc4 3. e4 e5 4. Bxc4 Qxd4 5. Qxd4 exd4 6. Nf3 Bb4+ 7. Bd2 Bxd2+
8. Nbxd2 c5 9. b4 cxb4 10. Nxd4 Ne7 11. O-O Nbc6 12. N2b3 O-O 13. f4 b6 14. Rac1
Nxd4 15. Nxd4 Bd7 16. h3 Rfd8 17. Rfd1 Ba4 18. Bb3 Bxb3 19. axb3 Rac8 20. Rxc8
Rxc8 21. Kf2 g6 22. Ke3 Kf8 23. g4 Rc3+ 24. Rd3 Rxd3+ 25. Kxd3 Ke8 26. Kc4 a5
27. Kb5 Nc8 28. Nf3 h6 29. Kc6 Kd8 30. e5 a4 31. bxa4 b3 32. Nd2 b2 33. Kb5 Kc7
34. Kb4 Kc6 35. Kb3 Kc5 36. Kxb2 Kb4 37. Ne4 Ne7 38. Nd6 Nd5 39. f5 gxf5 40.
gxf5 Ne3 41. Nxf7 Nxf5 42. e6 h5 43. Ne5 Kxa4 44. Kc3 b5 45. Nc6 Nd6 46. e7 Ne8
47. Kd4 b4 48. Nxb4 Kxb4 49. Ke5 Kc5 50. Ke6 Kd4 51. Kf5 Kd5 52. Kg5 {Game drawn
by mutual agreement} 1/2-1/2

[Event "Team 45 45 League T44"]
[Site "Internet Chess Club"]
[Date "2010.02.05"]
[Round "1"]
[White "allanchs"]
[Black "vollmerj"]
[Result "1-0"]
[WhiteElo "1504"]
[BlackElo "1722"]
[Opening "Alekhine's defense: exchange variation"]
[ECO "B03"]
[Time "07:30:07"]
[TimeControl "2700+45"]

1. e4 Nf6 2. e5 Nd5 3. d4 d6 4. c4 Nb6 5. exd6 cxd6 6. Nc3 g6 7. Bd3 Bg7 8. Nge2
O-O 9. O-O Nc6 10. Be3 Bg4 11. f3 Bd7 12. b3 Re8 13. Rc1 e5 14. d5 Ne7 15. Ne4
Bf5 16. Bg5 Bxe4 17. Bxe4 Nd7 18. Qd2 f5 19. Bb1 Rc8 20. Nc3 a6 21. Rfe1 f4 22.
Ne4 Nc5 23. Nxc5 Rxc5 24. b4 Rc8 25. c5 h6 26. Bxe7 Rxe7 27. Bxg6 Qd7 28. Qd3
Bf6 29. Bf5 Qd8 30. Bxc8 Qxc8 31. cxd6 {Black resigns} 1-0

[Event "Team 45 45 League T44"]
[Site "Internet Chess Club"]
[Date "2010.02.07"]
[Round "1"]
[White "crankn8tr"]
[Black "kingphisch"]
[Result "0-1"]
[WhiteElo "1466"]
[BlackElo "1493"]
[Opening "Caro-Kann: Panov-Botvinnik attack"]
[ECO "B13"]
[Time "13:04:22"]
[TimeControl "2700+45"]

1. e4 c6 2. d4 d5 3. exd5 cxd5 4. c4 Nf6 5. Nc3 Nc6 6. Nf3 Bg4 7. cxd5 Nxd5 8.
Qb3 Bxf3 9. gxf3 Nxc3 10. bxc3 Qc8 11. Bc4 e6 12. Bf4 Be7 13. Bd3 O-O 14. Rg1
Qd7 15. Qc2 g6 16. Rb1 Rfc8 17. Qa4 Bd6 18. Bxd6 Qxd6 19. Rg3 Rab8 20. h4 Ne7
21. h5 a6 22. h6 Nd5 23. c4 Nc3 24. Qc2 Nxb1 25. Qxb1 Qxd4 26. Rg4 Qe5+ 27. Re4
Qh2 28. Ke2 Qxh6 {White resigns} 0-1

[Event "Team 45 45 League T44"]
[Site "Internet Chess Club"]
[Date "2010.02.08"]
[Round "1"]
[White "Beancounter"]
[Black "AntMantis"]
[Result "1/2-1/2"]
[WhiteElo "1625"]
[BlackElo "1895"]
[Opening "English opening"]
[ECO "A20"]
[Time "14:01:51"]
[TimeControl "2700+45"]

1. c4 e5 2. g3 d6 3. Bg2 Nc6 4. Nc3 Nf6 5. Nf3 Be7 6. O-O Be6 7. b3 O-O 8. d4
Nxd4 9. Nxd4 exd4 10. Qxd4 Qc8 11. Bb2 Bh3 12. Nd5 Re8 13. Bxh3 Qxh3 14. Nxc7
Bf8 15. Qh4 Qxh4 16. gxh4 Rxe2 17. Nxa8 Rxb2 18. Nc7 Be7 19. Nd5 Nxd5 20. cxd5
Bxh4 21. Rac1 g6 22. Rc7 a5 23. Rxb7 Rxa2 24. f4 Bf6 25. Rc1 Bd4+ 26. Kh1 Rf2
27. Rb5 Be3 28. Rb1 Bxf4 29. Rxa5 Rxh2+ 30. Kg1 Rc2 31. Ra6 g5 {Game drawn by
mutual agreement} 1/2-1/2

[Event "Team 45 45 League T44"]
[Site "Internet Chess Club"]
[Date "2010.02.06"]
[Round "1"]
[White "Karan99"]
[Black "philosopherking"]
[Result "0-1"]
[WhiteElo "1601"]
[BlackElo "1548"]
[Opening "Four knights: Spanish variation"]
[ECO "C48"]
[Time "13:09:53"]
[TimeControl "2700+45"]

1. e4 e5 2. Nf3 Nc6 3. Nc3 Nf6 4. Bb5 d6 5. O-O Be7 6. d4 exd4 7. Nxd4 Bd7 8.
Nxc6 bxc6 9. Bc4 O-O 10. Bf4 Bg4 11. f3 Be6 12. Bb3 Nh5 13. Be3 Bf6 14. f4 Bxc3
15. bxc3 Nf6 16. Bxe6 fxe6 17. Qf3 d5 18. e5 Ne4 19. c4 Qe7 20. cxd5 cxd5 21. c4
c6 22. Rac1 Rab8 23. cxd5 cxd5 24. Rc2 Rfc8 25. Qe2 Qa3 26. Rfc1 Rxc2 27. Rxc2
Rb1+ 28. Rc1 Rxc1+ 29. Bxc1 Qxc1+ 30. Qf1 Qxf1+ 31. Kxf1 g6 32. Ke2 Nc3+ 33. Kd3
Nxa2 34. Kc2 Nb4+ 35. Kc3 a5 36. Kb3 Nd3 37. g3 Nc5+ 38. Kc3 a4 39. Kb4 Kf7 40.
Ka3 d4 {White resigns} 0-1

[Event "Team 45 45 League T44"]
[Site "Internet Chess Club"]
[Date "2010.02.05"]
[Round "1"]
[White "gmlevanzov"]
[Black "ZacAttack99"]
[Result "0-1"]
[WhiteElo "1437"]
[BlackElo "1487"]
[Opening "Caro-Kann: classical, 6.h4"]
[ECO "B18"]
[Time "17:00:15"]
[TimeControl "2700+45"]

1. e4 c6 2. d4 d5 3. Nc3 dxe4 4. Nxe4 Bf5 5. Ng3 Bg6 6. h4 h6 7. h5 Bh7 8. Bd3
Bxd3 9. Qxd3 Nf6 10. Nf3 Nbd7 11. c4 e6 12. O-O Qc7 13. Re1 O-O-O 14. Ne5 Nxe5
15. Rxe5 Qxe5 16. dxe5 Rxd3 17. exf6 gxf6 18. Ne4 Rd1+ 19. Kh2 Be7 20. Nc3 Bd6+
21. g3 Re1 22. Kg2 Rg8 23. Rb1 Be5 24. Bd2 Rxb1 25. Nxb1 Bxb2 26. Bxh6 Rh8 27.
Be3 Rxh5 28. Bxa7 Ra5 29. Be3 Rxa2 30. Nd2 Bc1 31. Nf1 Bxe3 32. Nxe3 b5 33. cxb5
cxb5 34. Kf1 b4 {White resigns} 0-1

[Event "Team 45 45 League T44"]
[Site "Internet Chess Club"]
[Date "2010.02.05"]
[Round "1"]
[White "dagger132"]
[Black "yemisco1"]
[Result "1/2-1/2"]
[WhiteElo "1120"]
[BlackElo "1403"]
[Opening "Queen's gambit declined"]
[ECO "D30"]
[Time "11:58:09"]
[TimeControl "2700+45"]

1. d4 d5 2. c4 e6 3. cxd5 Qxd5 4. Nc3 Qd8 5. d5 Nf6 6. dxe6 Qxd1+ 7. Nxd1 Bxe6
8. Nc3 Bb4 9. Bd2 Bxc3 10. Bxc3 Nbd7 11. e3 O-O 12. Bb5 c6 13. Bd3 Rad8 14. Nf3
h6 15. O-O Bd5 16. e4 Bxe4 17. Bxe4 Nxe4 18. Bb4 c5 19. Rfe1 Rfe8 20. Ba3 b5 21.
b4 c4 22. Bb2 Ndf6 23. a4 c3 24. Bc1 c2 25. axb5 Rd1 26. h3 Rxe1+ 27. Nxe1 Rc8
28. Rxa7 Nc3 29. Kf1 Nxb5 30. Ra6 Nd5 31. Ra5 Ndc3 32. Nxc2 Nd1 33. Rxb5 Rxc2
34. Rb8+ Kh7 35. Be3 Nc3 36. f4 Nd5 37. Bc5 Nxf4 38. Bf2 Nd3 39. Be1 Rc1 40. Ke2
Nxe1 41. b5 Rb1 42. b6 Nxg2 43. Kd3 Nf4+ 44. Kd4 Ne6+ 45. Kd5 Rb5+ 46. Kc6 Rc5+
47. Kd7 Rb5 48. Kc8 Nc5 49. Kd8 Ne4 50. Kd7 f5 51. Kc6 Rb1 52. b7 Rc1+ 53. Kd5
Nf6+ 54. Kd6 Kg6 55. Rc8 Ne4+ 56. Ke5 Rb1 57. b8=Q Rxb8 58. Rxb8 Nf2 59. Rb6+
Kg5 60. Rb3 Ne4 61. Rf3 g6 62. Kd4 h5 63. Ke3 Nc3 64. Kf2 Ne4+ 65. Kg2 h4 66.
Kh2 Nd2 67. Rf2 Ne4 68. Rf3 Ng3 69. Kg2 Kf6 70. Kh2 g5 71. Kg2 Ke5 72. Kh2 Ke4
73. Kg2 g4 74. hxg4 fxg4 75. Rf8 Nf5 76. Re8+ Kf4 77. Re2 h3+ 78. Kh2 Kf3 79.
Re1 Kf2 80. Ra1 Ne3 81. Rb1 Nf1+ 82. Kh1 g3 83. Rxf1+ Kxf1 {White stalemated}
1/2-1/2

[Event "Team 45 45 League T44"]
[Site "Internet Chess Club"]
[Date "2010.02.05"]
[Round "1"]
[White "Ehab"]
[Black "SlimeDog2"]
[Result "0-1"]
[WhiteElo "1919"]
[BlackElo "2153"]
[Opening "Van't Kruijs opening"]
[ECO "A00"]
[Time "18:31:49"]
[TimeControl "2700+45"]

1. e3 e5 2. e4 Nf6 3. Nf3 Nxe4 4. d3 Nf6 5. Nxe5 d5 6. d4 Bd6 7. Bd3 O-O 8. O-O
c5 9. c3 Re8 10. f4 Nc6 11. Kh1 Qb6 12. b3 cxd4 13. Nxc6 bxc6 14. cxd4 Bg4 15.
Qc2 Ne4 16. Bb2 c5 17. Nc3 Nxc3 18. Qxc3 f6 19. dxc5 Bxc5 20. Rae1 Be3 21. Bb1
d4 22. Qd3 g6 23. h3 Bd7 24. a4 Bf5 25. Qc4+ Be6 26. Qe2 Bxb3 27. f5 g5 28. Qf3
Bc4 29. Rxe3 dxe3 30. Bxf6 Qxf6 31. Re1 e2 32. Qg4 Qc3 33. Qxg5+ Kh8 34. Qh4
Rad8 35. Kh2 Qe5+ 36. g3 Rd4 37. Qh6 Rg8 38. Rg1 e1=Q {White resigns} 0-1

[Event "Team 45 45 League T44"]
[Site "Internet Chess Club"]
[Date "2010.02.04"]
[Round "1"]
[White "musk6868"]
[Black "Magagna"]
[Result "0-1"]
[WhiteElo "1790"]
[BlackElo "1852"]
[Opening "KGD: classical variation"]
[ECO "C30"]
[Time "19:03:20"]
[TimeControl "2700+45"]

1. e4 e5 2. f4 Bc5 3. Nf3 d6 4. Bc4 Nf6 5. d3 Nc6 6. Nc3 Ng4 7. Qe2 Nd4 8. Nxd4
Bxd4 9. Bd2 Nf2 10. Rg1 Nxd3+ 11. cxd3 Bxg1 12. fxe5 Qh4+ 13. g3 Qxh2 14. Qf3
Be6 15. Bxe6 fxe6 16. exd6 Rf8 17. d7+ Kxd7 18. Bf4 Qxb2 19. Rc1 Qxc1+ 20. Bxc1
Rxf3 21. Ke2 Raf8 22. Nd1 Rxg3 {White resigns} 0-1

[Event "Team 45 45 League T44"]
[Site "Internet Chess Club"]
[Date "2010.02.09"]
[Round "1"]
[White "MtzKid"]
[Black "dinkola"]
[Result "0-1"]
[WhiteElo "1567"]
[BlackElo "1710"]
[Opening "Queen's pawn: stonewall attack"]
[ECO "A45"]
[Time "15:04:48"]
[TimeControl "2700+45"]

1. d4 Nf6 2. e3 d5 3. Bd3 e6 4. f4 c5 5. c3 Nc6 6. Nf3 Bd6 7. Nbd2 cxd4 8. cxd4
O-O 9. Ne5 Nb4 10. Bb1 b6 11. a3 Na6 12. O-O Bb7 13. g4 Nd7 14. Ndf3 f6 15. Qd3
f5 16. Nxd7 Qxd7 17. gxf5 exf5 18. Ba2 Nc7 19. Ne5 Bxe5 20. dxe5 Ba6 21. Qd1
Bxf1 22. Qxf1 Kh8 23. Bd2 Ne6 24. Bb4 Nc5 25. Rd1 a5 26. Bxd5 Rac8 27. Bb3 Qe7
28. Bxc5 Qxc5 29. Rd4 Rfd8 30. Qd3 Qc1+ 31. Bd1 Rxd4 32. Qxd4 Qc7 33. Qd3 Rd8
34. Qb1 Qc5 35. Kf2 Rd2+ 36. Be2 Qb5 37. Qe1 Qxb2 38. e6 Kg8 39. Kf3 Rxe2 40.
Qxe2 Qxe2+ 41. Kxe2 b5 42. Kd3 Kf8 43. e4 g5 44. exf5 gxf4 45. f6 b4 46. axb4
axb4 47. e7+ Kf7 48. Ke4 f3 49. Kxf3 b3 {White resigns} 0-1

[Event "Team 45 45 League T44"]
[Site "Internet Chess Club"]
[Date "2010.02.03"]
[Round "1"]
[White "tightfist"]
[Black "mongmong"]
[Result "0-1"]
[WhiteElo "1506"]
[BlackElo "1639"]
[Opening "Bird's opening"]
[ECO "A02"]
[Time "19:02:07"]
[TimeControl "2700+45"]

1. f4 e6 2. Nf3 Nf6 3. e3 d5 4. d4 c5 5. b3 Nc6 6. Bb2 Qb6 7. c4 cxd4 8. cxd5
Nxd5 9. Bxd4 Nxd4 10. Nxd4 Bb4+ 11. Kf2 O-O 12. a3 Bc5 13. b4 Bxd4 14. Qxd4 Qxd4
15. exd4 Nxf4 16. Nc3 Bd7 17. g3 Nd5 18. Nxd5 exd5 19. Bg2 Be6 20. Rac1 Rac8 21.
Rc5 Rxc5 22. bxc5 Rc8 23. Rb1 Rc7 24. Ke3 Kf8 25. Kf4 Ke7 26. g4 h6 27. h4 f6
28. Re1 g5+ 29. hxg5 hxg5+ 30. Kg3 Kf7 31. Bf1 Re7 32. Bd3 Bd7 33. Bg6+ Kf8 34.
Rf1 Kg7 35. Bf5 Bxf5 36. Rxf5 Rd7 37. Kf3 Kf7 38. Ke3 Ke6 39. Kd3 Rc7 40. Ke2
Rc6 41. Rf3 b6 42. Re3+ Kf7 43. Rc3 bxc5 44. Rxc5 Rxc5 45. dxc5 Ke6 46. Ke3 Kd7
47. Kd3 Kc6 48. Kd4 a6 49. a4 a5 50. Kd3 Kxc5 51. Kc3 d4+ 52. Kd3 Kd5 53. Kd2
Ke4 54. Ke2 d3+ 55. Kd2 Kd4 56. Kd1 Ke3 57. Ke1 Kf3 58. Kd2 Kxg4 59. Kxd3 f5 60.
Ke2 f4 61. Kf2 Kf5 62. Kg2 Ke5 63. Kf3 Kd4 64. Kf2 Kc4 {White resigns} 0-1

[Event "Team 45 45 League T44"]
[Site "Internet Chess Club"]
[Date "2010.02.05"]
[Round "1"]
[White "koni"]
[Black "LucaTrapani"]
[Result "1-0"]
[WhiteElo "2009"]
[BlackElo "2048"]
[Opening "Réti opening"]
[ECO "A13"]
[Time "05:00:23"]
[TimeControl "2700+45"]

1. Nf3 e6 2. c4 f5 3. g3 c6 4. Bg2 d5 5. d3 Bd6 6. Nc3 Nf6 7. O-O O-O 8. e4 Be7
9. cxd5 fxe4 10. dxe4 exd5 11. exd5 cxd5 12. Nb5 a6 13. Nbd4 Nc6 14. h3 Qb6 15.
b3 Ne4 16. Be3 Qd8 17. Rc1 Bd7 18. Nxc6 bxc6 19. Ne5 Rc8 20. Bxe4 Bxh3 21. Bg2
Bxg2 22. Kxg2 c5 23. Nd3 d4 24. Bf4 g5 25. Bd2 Qd5+ 26. Kg1 Rc6 27. Ne1 Rh6 28.
Ng2 Qf5 29. g4 Qe5 30. f4 Qd6 31. Qf3 Bf6 32. Rce1 d3 33. Ne3 Bd4 34. Kg2 Rxf4
35. Qa8+ Kg7 36. Rxf4 Rh2+ 37. Kxh2 Qxf4+ 38. Kg2 Bxe3 39. Qb7+ Kg8 40. Qc8+ Kg7
41. Qd7+ Kg8 42. Rxe3 {Black resigns} 1-0

[Event "Team 45 45 League T44"]
[Site "Internet Chess Club"]
[Date "2010.02.06"]
[Round "1"]
[White "Harmonicus"]
[Black "IceBox"]
[Result "1/2-1/2"]
[WhiteElo "1854"]
[BlackElo "1740"]
[Opening "French: King's Indian attack"]
[ECO "C00"]
[Time "09:00:14"]
[TimeControl "2700+45"]

1. e4 e6 2. d3 d5 3. Nd2 c5 4. g3 Nc6 5. Bg2 g6 6. Ngf3 Bg7 7. O-O Nge7 8. Re1
b6 9. c3 O-O 10. Nf1 h6 11. h4 Bb7 12. Bf4 dxe4 13. dxe4 Qxd1 14. Raxd1 Rfd8 15.
N1h2 Rxd1 16. Rxd1 Rd8 17. Rxd8+ Nxd8 18. Ne5 f5 19. f3 Nf7 20. Nc4 e5 21. Be3
Kf8 22. Nf1 Ke8 23. Nfd2 Kd7 24. Bf1 Kc7 25. Bd3 a6 26. b4 b5 27. Bxc5 bxc4 28.
Bxc4 Nd6 29. Bxd6+ Kxd6 30. Kf2 fxe4 31. Nxe4+ Kc7 32. Nc5 Kb6 33. Nd7+ Kc7 34.
Nc5 Kb6 35. Nd7+ Kc7 36. Nc5 {Game drawn by repetition} 1/2-1/2

[Event "Team 45 45 League T44"]
[Site "Internet Chess Club"]
[Date "2010.02.07"]
[Round "1"]
[White "chipionero"]
[Black "MisticKnights"]
[Result "0-1"]
[WhiteElo "1673"]
[BlackElo "1943"]
[Opening "QGD Slav: 4.Nc3"]
[ECO "D15"]
[Time "15:04:04"]
[TimeControl "2700+45"]

1. d4 d5 2. Nf3 Nf6 3. c4 c6 4. Nc3 Bf5 5. e3 e6 6. cxd5 exd5 7. Bd3 Ne4 8. Qc2
Bb4 9. Nd2 Qe7 10. O-O Nxd2 11. Bxd2 Bxd3 12. Qxd3 Nd7 13. a3 Bd6 14. e4 dxe4
15. Nxe4 O-O-O 16. Nxd6+ Qxd6 17. Be3 Nc5 18. Qf5+ Ne6 19. Rac1 Qd5 20. Qxd5
Rxd5 21. Rfd1 Rhd8 22. Rc4 Kc7 23. a4 f5 24. g3 g5 25. f3 a6 26. Kf1 b5 27. axb5
axb5 28. Rb4 f4 29. Bf2 Kb6 30. Ke2 Re8 31. Kf1 Red8 32. Ke2 Ng7 33. Rb3 Nf5 34.
Rbd3 b4 35. R1d2 Nd6 36. b3 Nb5 37. Kd1 Nc3+ 38. Kc2 Ra8 39. gxf4 Ra2+ 40. Kc1
Ra1+ 41. Kc2 Rda5 42. d5+ c5 43. Re3 R5a2+ 44. Kd3 Rxd2+ 45. Kxd2 gxf4 46. Re6+
Kb5 47. d6 Kc6 48. Rf6 Ra2+ 49. Ke1 Nd5 50. Rh6 Rc2 51. Rxh7 Kxd6 52. Bh4 Rc3
53. Bf2 Ne3 54. Rh4 Rxb3 55. Bxe3 Rxe3+ 56. Kf2 b3 57. Rxf4 Rc3 58. Rf6+ Kc7 59.
Rg6 b2 60. Rg7+ Kc6 61. Rg6+ Kb7 62. Rg7+ Ka6 63. Rg6+ Ka5 64. Rg8 Rb3 65. Ra8+
Kb4 {White resigns} 0-1

[Event "Team 45 45 League T44"]
[Site "Internet Chess Club"]
[Date "2010.02.03"]
[Round "1"]
[White "Frankly"]
[Black "jofar"]
[Result "0-1"]
[WhiteElo "1767"]
[BlackElo "1661"]
[Opening "King's Indian: Four pawns attack"]
[ECO "E20"]
[Time "14:01:50"]
[TimeControl "2700+45"]

1. d4 Nf6 2. c4 e6 3. Nc3 g6 4. e4 d6 5. f4 Bg7 6. Nf3 O-O 7. Be2 c5 8. d5 exd5
9. exd5 Re8 10. O-O Na6 11. Rb1 Bf5 12. Bd3 Bg4 13. h3 Bd7 14. a3 Nh5 15. Kh2
Rb8 16. Bd2 Nc7 17. Ne4 Bf5 18. Nf2 Bxd3 19. Nxd3 b5 20. b3 Qd7 21. Qc2 Re7 22.
Bc3 Bh6 23. Ng1 bxc4 24. bxc4 Rxb1 25. Qxb1 Qa4 26. g4 Qxc4 27. Ba5 Bxf4+ 28.
Nxf4 Nxf4 29. Bxc7 Rxc7 30. Rf2 Nxd5 31. Kh1 Qd4 32. Re2 c4 33. Nf3 Qc5 34. Qb8+
Rc8 35. Qb2 c3 36. Qb7 c2 37. Rxc2 Qxc2 38. Qxd5 Qf2 39. Qe4 Rc1+ {White
resigns} 0-1

[Event "Team 45 45 League T44"]
[Site "Internet Chess Club"]
[Date "2010.02.06"]
[Round "1"]
[White "GeofDeV"]
[Black "monsterpawn"]
[Result "0-1"]
[WhiteElo "1873"]
[BlackElo "1870"]
[Opening "QGD semi-Slav: Stoltz variation"]
[ECO "D45"]
[Time "21:00:22"]
[TimeControl "2700+45"]

1. d4 d5 2. c4 c6 3. Nf3 Nf6 4. Nc3 e6 5. e3 Nbd7 6. Qc2 Bd6 7. Be2 dxc4 8. Bxc4
b5 9. Bd3 Bb7 10. O-O Rc8 11. e4 e5 12. dxe5 Nxe5 13. Nxe5 Bxe5 14. Be3 a6 15.
Rad1 Ng4 16. h3 Nxe3 17. fxe3 Qg5 18. Qf2 O-O 19. a3 Rcd8 20. Bc2 Rxd1 21. Rxd1
Bc8 22. Qf3 Be6 23. Rd2 Bxc3 24. bxc3 Qc5 25. e5 Qxc3 26. Qe4 g6 27. Rf2 Qxa3
28. Qxc6 Qc1+ 29. Kh2 Qxe3 30. Rf3 Qxe5+ 31. Kg1 Rc8 32. Qe4 Qxe4 33. Bxe4 a5
34. Ra3 a4 35. Kf2 Bb3 36. Bd3 b4 37. Ra1 a3 38. Rb1 a2 {White resigns} 0-1

[Event "Team 45 45 League T44"]
[Site "Internet Chess Club"]
[Date "2010.02.07"]
[Round "1"]
[White "Marichan"]
[Black "pishd"]
[Result "1-0"]
[WhiteElo "1962"]
[BlackElo "1663"]
[Opening "Caro-Kann: classical, Spassky variation"]
[ECO "B19"]
[Time "11:09:09"]
[TimeControl "2700+45"]

1. e4 c6 2. d4 d5 3. Nc3 dxe4 4. Nxe4 Bf5 5. Ng3 Bg6 6. h4 h6 7. Nf3 Nd7 8. h5
Bh7 9. Bd3 Bxd3 10. Qxd3 Ngf6 11. Bf4 e6 12. O-O-O Nd5 13. Bd2 Bb4 14. Ne4 Bxd2+
15. Qxd2 N7f6 16. Nxf6+ Nxf6 17. Ne5 Nd7 18. Qb4 Nxe5 19. dxe5 Qe7 20. Rd6 O-O
21. f4 Rad8 22. Qd2 Rxd6 23. exd6 Qd7 24. g4 Rd8 25. Rd1 e5 26. g5 Qf5 27. fxe5
Qxg5 28. Qxg5 hxg5 29. c4 c5 30. Kc2 Kh7 31. Kd3 Kh6 32. Ke4 g6 33. hxg6 Kxg6
34. Kd5 g4 35. e6 fxe6+ 36. Kxe6 Re8+ 37. Kd7 Rf8 38. Kc7 Kg5 39. d7 Rf7 40. Kc8
Rxd7 41. Rxd7 b6 42. Rxa7 Kf4 43. Rg7 g3 44. Kb7 Kf3 45. Kxb6 g2 46. Kxc5 {Black
resigns} 1-0

[Event "Team 45 45 League T44"]
[Site "Internet Chess Club"]
[Date "2010.02.05"]
[Round "1"]
[White "OOB1"]
[Black "guttata"]
[Result "0-1"]
[WhiteElo "1560"]
[BlackElo "2037"]
[Opening "Sicilian, Chekhover variation"]
[ECO "B53"]
[Time "17:31:23"]
[TimeControl "2700+45"]

1. e4 c5 2. Nf3 d6 3. d4 cxd4 4. Qxd4 Nc6 5. Qa4 Bd7 6. Qb3 Nf6 7. Nc3 Rb8 8.
Bc4 e6 9. Be2 d5 10. exd5 Na5 11. dxe6 fxe6 {White resigns} 0-1

[Event "Team 45 45 League T44"]
[Site "Internet Chess Club"]
[Date "2010.02.06"]
[Round "1"]
[White "Nathan826"]
[Black "kidcobra"]
[Result "1-0"]
[WhiteElo "1702"]
[BlackElo "1684"]
[Opening "two knights defense: Ulvestad variation"]
[ECO "C57"]
[Time "14:09:02"]
[TimeControl "2700+45"]

1. e4 e5 2. Nf3 Nc6 3. Bc4 Nf6 4. Ng5 d5 5. exd5 b5 6. dxc6 bxc4 7. Nc3 Bb4 8.
Qe2 Bxc3 9. Qxc4 Bxd2+ 10. Bxd2 Qd5 11. Qxd5 Nxd5 12. Ba5 Bf5 13. O-O-O Nb6 14.
Rhe1 f6 15. Ne4 O-O 16. Nc3 Be6 17. h3 Rfc8 18. b3 Rd8 19. Rxd8+ Rxd8 20. f4 Bd5
21. Rd1 Rd6 22. Bxb6 Rxc6 23. Nxd5 Kf7 24. Bxc7 exf4 25. Bxf4 g5 26. Be3 f5 27.
Bxg5 Rg6 28. Be3 Rxg2 29. Bxa7 Kg7 30. Rg1 Rxg1+ 31. Bxg1 Kg6 32. a4 Kf7 33. a5
Ke8 34. a6 Kd7 35. a7 Kd6 36. a8=Q Ke5 37. c4 f4 38. Qe8+ Kf5 39. Bd4 f3 40.
Qf7+ Ke4 41. Qf4+ Kd3 42. Qe3# {Black checkmated} 1-0

[Event "Team 45 45 League T44"]
[Site "Internet Chess Club"]
[Date "2010.02.07"]
[Round "1"]
[White "Caminator"]
[Black "MidasMulligan"]
[Result "1-0"]
[WhiteElo "1941"]
[BlackElo "1686"]
[Opening "Bishop's opening: Berlin defense"]
[ECO "C24"]
[Time "11:00:18"]
[TimeControl "2700+45"]

1. e4 e5 2. Bc4 Nf6 3. d3 Nc6 4. Nc3 Bb4 5. Ne2 d5 6. exd5 Nxd5 7. Bxd5 Qxd5 8.
O-O Qe6 9. a3 Bc5 10. Ne4 Bb6 11. Kh1 f5 12. Ng5 Qf6 13. f4 h6 14. Nf3 exf4 15.
Nxf4 O-O 16. Re1 Bd7 17. Nd5 Qf7 18. Nxb6 cxb6 19. Bf4 g5 20. Bd6 Rfe8 21. Qd2
Qg6 22. Bb4 g4 23. Rg1 Kh7 24. Bc3 g3 25. h3 Qh5 26. Qf4 Rg8 27. Qc7 Rad8 28.
Bf6 f4 29. Bxd8 Rg7 30. Bf6 Rf7 31. Ne5 Bxh3 32. Qxf7+ Qxf7 33. Nxf7 {Black
resigns} 1-0

[Event "Team 45 45 League T44"]
[Site "Internet Chess Club"]
[Date "2010.02.08"]
[Round "1"]
[White "vkpanch"]
[Black "Portola"]
[Result "1-0"]
[WhiteElo "1684"]
[BlackElo "1731"]
[Opening "Ruy Lopez: Worrall attack, sharp line"]
[ECO "C77"]
[Time "23:08:53"]
[TimeControl "2700+45"]

1. e4 e5 2. Nf3 Nc6 3. Bb5 a6 4. Ba4 Nf6 5. Qe2 b5 6. Bb3 Be7 7. O-O O-O 8. c3
d6 9. Rd1 Bg4 10. h3 Bh5 11. d3 Bg6 12. Nbd2 Nh5 13. Nf1 Na5 14. Bc2 c5 15. d4
Qc7 16. dxe5 dxe5 17. Rd5 Bd6 18. Qd3 Rad8 19. Bg5 f6 20. Rd1 Nc4 21. Bc1 Bf7
22. b3 Nf4 23. Bxf4 Nb2 24. Qe2 Nxd1 25. Rxd1 exf4 26. Nh4 Be5 27. Rd3 Rxd3 28.
Qxd3 c4 29. Qf3 cxb3 30. Bxb3 Bxb3 31. axb3 g6 32. Qg4 Qf7 33. c4 bxc4 34. bxc4
Qxc4 35. Nxg6 Kf7 36. Nxf8 Kxf8 37. Qd7 Qxe4 38. Qc8+ Kg7 39. Qxa6 Qe1 40. Qb7+
Kg6 41. Qf3 h5 42. Qd3+ f5 43. Qa6+ Bf6 44. Qa4 Qc1 45. Qe8+ Kg5 46. Qg8+ Kh4
47. Kh2 Qc3 48. g3+ fxg3+ 49. fxg3+ {Black resigns} 1-0

[Event "Team 45 45 League T44"]
[Site "Internet Chess Club"]
[Date "2010.02.05"]
[Round "1"]
[White "BraafPaard"]
[Black "soccerisfun"]
[Result "0-1"]
[WhiteElo "1573"]
[BlackElo "1532"]
[Opening "KGD: classical, 4.c3"]
[ECO "C30"]
[Time "19:00:40"]
[TimeControl "2700+45"]

1. e4 e5 2. f4 Bc5 3. Nf3 d6 4. c3 Nf6 5. fxe5 dxe5 6. d4 exd4 7. cxd4 Bb4+ 8.
Nc3 Nxe4 9. Qe2 Qe7 10. Bd2 Nxd2 11. Qxe7+ Kxe7 12. Nd5+ Kd6 13. Nxb4 Nxf3+ 14.
gxf3 Re8+ 15. Kf2 Bd7 16. Rg1 g6 17. Bd3 Nc6 18. Nc2 Re7 19. Rae1 Rae8 20. Rxe7
Rxe7 21. Re1 Rxe1 22. Kxe1 Kd5 23. Be4+ Kc4 24. d5 Ne5 25. Kd2 f5 26. Ne3+ Kc5
27. f4 Nc4+ 28. Nxc4 Kxc4 29. Bf3 Kd4 30. h4 b6 31. b3 Be8 32. a4 a5 33. Bg2 Bf7
34. Bf3 Bxd5 35. Bxd5 Kxd5 36. Kd3 c6 37. Ke3 b5 38. axb5 cxb5 39. Kd3 a4 {White
resigns} 0-1

[Event "Team 45 45 League T44"]
[Site "Internet Chess Club"]
[Date "2010.02.08"]
[Round "1"]
[White "dpawn"]
[Black "Loki"]
[Result "0-1"]
[WhiteElo "1838"]
[BlackElo "1926"]
[Opening "Pirc defense"]
[ECO "B07"]
[Time "22:00:57"]
[TimeControl "2700+45"]

1. d4 d6 2. e4 Nf6 3. Nc3 g6 4. f3 Bg7 5. Be3 c6 6. Qd2 b5 7. O-O-O b4 8. Nce2
a5 9. Bh6 Bxh6 10. Qxh6 Ba6 11. e5 Nd5 12. Qg7 Rf8 13. e6 Ne3 14. Re1 fxe6 15.
Qxh7 Kd7 16. Qxg6 Rg8 17. Qe4 Nxf1 18. Rxf1 Bc4 19. Rf2 Bxa2 20. Nf4 Qf8 21. Re2
Qh6 22. b3 Rf8 23. Qxe6+ Qxe6 24. Nxe6 Rf6 25. d5 a4 26. Kb2 axb3 27. cxb3 cxd5
28. Nd4 e5 29. Nc2 Nc6 30. Nh3 Na5 31. Ra1 Nxb3 32. Rxa2 Rxa2+ 33. Kxb3 Ra5 34.
Kxb4 Rc5 35. Na3 Kc6 36. Kb3 Rf8 37. Ka2 Ra8 38. Kb2 Rb8+ 39. Ka2 d4 40. Nf2 Kd5
41. f4 Ra8 42. Rb2 e4 43. Rb3 Rc2+ 44. Rb2 d3 45. Nd1 Kd4 46. Kb3 Rb8+ 47. Ka2
Rcxb2+ 48. Nxb2 e3 49. Nac4 e2 {White resigns} 0-1

[Event "Team 45 45 League T44"]
[Site "Internet Chess Club"]
[Date "2010.02.05"]
[Round "1"]
[White "PRS74"]
[Black "OxidisedLizard"]
[Result "1-0"]
[WhiteElo "1837"]
[BlackElo "1788"]
[Opening "English opening"]
[ECO "A05"]
[Time "13:00:10"]
[TimeControl "2700+45"]

1. Nf3 Nf6 2. c4 g6 3. g3 Bg7 4. Bg2 O-O 5. O-O d6 6. Nc3 e5 7. e4 Be6 8. d3 Nc6
9. h3 Qd7 10. Kh2 h6 11. Nd5 Ne8 12. b4 Bxd5 13. cxd5 Nxb4 14. Rb1 c5 15. a3 Na6
16. Nh4 b5 17. f4 exf4 18. gxf4 b4 19. e5 dxe5 20. d6 Rb8 21. Bd5 Nxd6 22. Nxg6
Nf5 23. Bc4 Qd6 24. Nxf8 Rxf8 25. Qg4 Nd4 26. Rg1 Qf6 27. Bxa6 Kh7 28. Qxg7+
Qxg7 29. Rxg7+ Kxg7 30. axb4 Rb8 31. b5 Ne6 32. fxe5 Nc7 33. Ra1 Nd5 34. Ba3 Nf4
35. Bxc5 Nxd3 36. Bxa7 Rd8 37. b6 Nxe5 38. b7 Nc6 39. Be3 Nb8 40. Bc4 Rd7 41.
Rb1 Kf6 42. Bf4 Nc6 43. Rb6 Kf5 44. Rxc6 Rxb7 45. Bxh6 Rb2+ 46. Kg3 Rc2 47. Bd3+
{Black resigns} 1-0